 Dungeon Sprint DCSS version bcrawl-1.27.1d (webtiles) character file.

Game seed: 5480844643817543007

1608349 Freyura the Bludgeoner (level 11, -3/114 HPs)
             Began as a Sand Dwarf Skald on July 16, 2020.
             Was an Initiate of Makhleb.
             Slain by a catoblepas (14 damage)
             ... in the Dungeon (Sprint IX: "|||||||||||||||||||||||||||||").
             The game lasted 00:13:47 (1249 turns).

Freyura the Bludgeoner (Sand Dwarf Skald)           Turns: 1249, Time: 00:13:48

Health: -3/114     AC: 14    Str: 15    XL:     11   Next: 26%
Magic:  17/24      EV: 17    Int: 15    God:    Makhleb [......]
Gold:   0          SH:  4    Dex: 13    Spells: 26/29 levels left

rFire    . . .     SeeInvis .   n - +4 morningstar (crush)
rCold    . . .     Gourm    .   (shield currently unavailable)
rNeg     . . .     Faith    .   s - +2 ring mail
rPois    .         Spirit   .   (no helmet)
rElec    .         Reflect  .   p - +0 cloak
rCorr    .         Harm     .   (no gloves)
MR       +....     NoTele   +   o - +0 pair of boots
Stlth    +.........             (no amulet)
HPRegen  0.29/turn              q - +2 ring of evasion
MPRegen  0.19/turn              r - +2 ring of protection

@: singing, slow
A: small, slowness 1, armour attunement
a: Renounce Religion


You were in the Dungeon.
You worshipped Makhleb.
Makhleb was noncommittal.
You were hungry.

You visited 1 branch

Inventory:

Hand Weapons
 n - a +4 morningstar of crushing (weapon)
Armour
 b - a +0 chain mail
 o - a +0 pair of boots (worn)
 p - a +0 cloak (worn)
 s - a +2 ring mail (worn)
Jewellery
 q - a +2 ring of evasion (left hand)
 r - a +2 ring of protection (right hand)
Wands
 m - a wand of acid (10)
Scrolls
 d - a scroll of fear
 j - 4 scrolls of remove curse
 k - 3 scrolls of blinking
 l - 2 scrolls of amnesia
 t - 4 scrolls of identify
Potions
 a - a potion of brilliance
 c - a potion of invisibility
 f - 7 potions of curing
 g - 5 potions of heal wounds
 h - a potion of haste
 i - 4 potions of magic
Comestibles
 e - a ration {!d}


   Skills:
 * Level 16.3 Fighting
 * Level 18.8 Maces & Flails
 + Level 12.0 Armour
 - Level 3.8 Dodging
 + Level 9.7 Spellcasting
 + Level 10.8 Charms
 + Level 1.1 Invocations


You had 26 spell levels left.
You knew the following spells:

 Your Spells              Type           Power        Failure   Level  Hunger
a - Infusion              Chrm           #####...     1%          1    None
b - Song of Slaying       Chrm           #####...     1%          2    None

Your spell library contained the following spells:

 Spells                   Type           Power        Failure   Level  Hunger
 Ozocubu's Armour         Chrm/Ice       ###.....     3%          3    None
 Regeneration             Chrm/Necr      ###.......   3%          3    None
 Spectral Weapon          Hex/Chrm       ###.....     3%          3    None


Dungeon Overview and Level Annotations

Branches:
Dungeon (1/1)

Altars:
Cheibriados
Dithmenos
Elyvilon
Fedhas
Gozag
Hepliaklqana
Kikubaaqudgha
Lugonu
Makhleb
Nemelex Xobeh
Okawaru
Qazlal
Ru
Sif Muna
Trog
Uskayaw
Vehumet
Wu Jian
Xom
Yredelemnul
Zin
The Shining One
Beogh
Jiyva


Innate Abilities, Weirdness & Mutations

You are small and have problems with some larger weapons.
You cover ground slowly.
Armour does not affect your spellcasting.


Message History

The catoblepas gores you!!
The catoblepas breathes a plume of calcifying dust at you.
The blast of calcifying dust hits you but does no damage.
You are engulfed in calcifying dust.
The catoblepas gores you.
You are engulfed in calcifying dust.
The catoblepas completely misses you.
You are engulfed in calcifying dust.
The catoblepas gores you! x2
The death yak snorts and paws the ground.
You turn to flesh and can move again.
You hit the catoblepas.
Ssssck.
The catoblepas is heavily wounded.
The catoblepas misses you.
You hit the catoblepas.
Ssssck.
The catoblepas is heavily wounded.
You are no longer magically infusing your attacks.
The catoblepas gores you!!
* * * LOW HITPOINT WARNING * * *
You thump the catoblepas!
The catoblepas is severely wounded.
The catoblepas gores you!
You die...

▓.▓.▓
▓Y▓.▓[▓
▓Y▓.▓.▓
▓Y▓.▓.▓
▓Y▓.▓)▓
▓Y▓.▓|▓
▓Y▓.▓.▓
▓Y▓.▓.▓
▓@▓.▓'▓
▓.▓.▓_▓
▓.▓.▓_▓
▓.▓.▓_▓
▓.▓.▓_▓
▓.▓.▓_▓
▓.▓.▓_▓
▓.▓.▓_▓
▓.▓.▓_▓


You could see 5 death yaks, a catoblepas and a yak.

Vanquished Creatures
  3 hydras (D)
  A death yak (D)
  A centaur warrior (D)
  A tengu warrior (D)
  A black mamba (D)
  A gargoyle (D)
  4 cane toads (D)
  A rime drake (D)
  A komodo dragon (D)
  A meliai (D)
  2 yaks (D)
  A crocodile (D)
  A water moccasin (D)
  3 porcupines (D)
  A phantom (D)
  A sky beast (D)
  An ice beast (D)
  2 ogres (D)
  A necrophage (D)
  A centaur (D)
  4 bullfrogs (D)
  A scorpion (D)
  A leopard gecko (D)
  An orc (D)
  A bat (D)
  A giant cockroach (D)
  A quokka (D)
  A frilled lizard (D)
  A kobold (D)
41 creatures vanquished.

Notes
Turn   | Place    | Note
-------+----------+-------------------------------------------
     0 | D        | Freyura the Sand Dwarf Skald began the quest for the Orb.
     0 | D        | Reached XP level 1. HP: 18/18 MP: 3/3
    55 | D        | Noticed an ice beast
    55 | D        | Noticed an ogre
    55 | D        | Noticed a centaur
    57 | D        | Reached skill level 4 in Maces & Flails
    57 | D        | Reached XP level 2. HP: 26/26 MP: 5/5
    61 | D        | Killed a centaur
    61 | D        | Reached skill level 5 in Fighting
    61 | D        | Reached skill level 6 in Maces & Flails
    61 | D        | Reached XP level 3. HP: 36/36 MP: 5/7
    61 | D        | Reached XP level 4. HP: 42/42 MP: 5/8
    65 | D        | Killed an ogre
    65 | D        | Reached skill level 8 in Maces & Flails
    65 | D        | Reached XP level 5. HP: 47/51 MP: 5/10
    72 | D        | Killed an ice beast
    72 | D        | Reached skill level 9 in Maces & Flails
    72 | D        | Reached skill level 5 in Armour
    72 | D        | Reached skill level 5 in Charms
    72 | D        | Reached XP level 6. HP: 55/61 MP: 6/12
    88 | D        | Found a roughly hewn altar of Beogh.
    88 | D        | Found a snail-covered altar of Cheibriados.
    88 | D        | Found a shadowy altar of Dithmenos.
    88 | D        | Found a white marble altar of Elyvilon.
    88 | D        | Found a blossoming altar of Fedhas.
    88 | D        | Found an opulent altar of Gozag.
    89 | D        | Found a hazy altar of Hepliaklqana.
    90 | D        | Found a viscous altar of Jiyva.
    91 | D        | Found an ancient bone altar of Kikubaaqudgha.
    92 | D        | Found a corrupted altar of Lugonu.
    93 | D        | Found a burning altar of Makhleb.
    94 | D        | Found a sparkling altar of Nemelex Xobeh.
    95 | D        | Found an iron altar of Okawaru.
    96 | D        | Found a stormy altar of Qazlal.
    97 | D        | Found a sacrificial altar of Ru.
    98 | D        | Found a shimmering blue altar of Sif Muna.
    99 | D        | Found a bloodstained altar of Trog.
   100 | D        | Found a hide-covered altar of Uskayaw.
   101 | D        | Found a radiant altar of Vehumet.
   102 | D        | Found an ornate altar of the Wu Jian Council.
   103 | D        | Found a shimmering altar of Xom.
   104 | D        | Found a basalt altar of Yredelemnul.
   105 | D        | Found a glowing silver altar of Zin.
   106 | D        | Found a glowing golden altar of the Shining One.
   168 | D        | Learned a level 2 spell: Song of Slaying
   168 | D        | Noticed a sky beast
   168 | D        | Noticed a necrophage
   168 | D        | Noticed a tengu warrior
   168 | D        | Noticed a gargoyle
   172 | D        | Reached skill level 10 in Maces & Flails
   177 | D        | Killed a gargoyle
   177 | D        | Reached skill level 10 in Fighting
   177 | D        | Reached skill level 11 in Maces & Flails
   177 | D        | Reached skill level 5 in Spellcasting
   177 | D        | Reached XP level 7. HP: 72/72 MP: 11/15
   188 | D        | Killed a tengu warrior
   188 | D        | Reached skill level 13 in Maces & Flails
   188 | D        | Reached XP level 8. HP: 40/82 MP: 12/17
   284 | D        | Noticed a meliai
   284 | D        | Noticed a yak
   284 | D        | Noticed a centaur warrior
   284 | D        | Noticed a four-headed hydra
   291 | D        | Killed a four-headed hydra
   291 | D        | Reached skill level 14 in Maces & Flails
   291 | D        | Reached XP level 9. HP: 20/92 MP: 17/20
   299 | D        | Killed a centaur warrior
   299 | D        | Reached skill level 15 in Maces & Flails
   306 | D        | HP: 1/93 [yak (6)]
   314 | D        | Killed a meliai
   314 | D        | Reached skill level 10 in Armour
   317 | D        | Reached skill level 16 in Maces & Flails
   325 | D        | Reached XP level 10. HP: 11/102 MP: 22/22
   639 | D        | Noticed a cane toad
   639 | D        | Noticed a cane toad
   640 | D        | Noticed a six-headed hydra
   647 | D        | Noticed a black mamba
   648 | D        | Killed a cane toad
   655 | D        | Killed a six-headed hydra
   655 | D        | Reached skill level 17 in Maces & Flails
   661 | D        | Killed a cane toad
   666 | D        | Killed a black mamba
   666 | D        | Reached skill level 15 in Fighting
   666 | D        | Reached skill level 10 in Charms
   683 | D        | Noticed a cane toad
   683 | D        | Noticed a cane toad
   696 | D        | Killed a cane toad
   698 | D        | Killed a cane toad
   701 | D        | Reached skill level 18 in Maces & Flails
   704 | D        | Reached XP level 11. HP: 50/114 MP: 22/24
   834 | D        | Noticed a five-headed hydra
   844 | D        | Killed a five-headed hydra
  1072 | D        | Became a worshipper of Makhleb the Destroyer
  1220 | D        | Noticed a death yak
  1220 | D        | Noticed a death yak
  1220 | D        | Noticed a death yak
  1220 | D        | Noticed a catoblepas
  1220 | D        | Noticed a death yak
  1225 | D        | Noticed a death yak
  1235 | D        | Killed a death yak
  1235 | D        | Reached skill level 1 in Invocations
  1236 | D        | Noticed a death yak
  1249 | D        | Slain by a catoblepas

Skill      XL: |  1  2  3  4  5  6  7  8  9 10 11 |
---------------+----------------------------------+-----
Fighting       | 3 5 6 7 10 11 12 13 15 16 | 16.3
Maces & Flails | 4 6 8 9 11 13 14 16 18 | 18.8
Armour         | 3 4 5 6 8 9 10 11 12 | 12.0
Dodging        | 2 3 |  3.8
Spellcasting   | 3 4 5 6 7 8 9 |  9.7
Charms         | 4 5 6 7 8 9 10 | 10.8
Invocations    | 1 |  1.1

Action                   |  1- 3 |  4- 6 |  7- 9 | 10-12 || total
-------------------------+-------+-------+-------+-------++-------
Melee: Mace              |    19 |     9 |       |       ||    28
       Morningstar       |       |     8 |    58 |    71 ||   137
 Cast: Infusion          |     1 |       |       |     2 ||     3
       Song of Slaying   |       |     1 |     1 |     4 ||     6
  Use: Potion            |     1 |       |     3 |       ||     4
       Scroll            |       |       |       |     2 ||     2
  Eat: Ration            |       |       |       |     1 ||     1
Armor: Leather armour    |     3 |       |       |       ||     3
       Ring mail         |       |     1 |    19 |    16 ||    36
Dodge: Dodged            |    14 |     7 |    29 |    37 ||    87
Block: Other             |       |     1 |    13 |     9 ||    23
